 Dungeon Crawl Stone Soup version 0.29-a0-857-g9b1aa3ac5b (webtiles) character file.

Game seed: 13461200669591390986

107 reriks the Ducker (level 4, -1/23 HPs)
             Began as a Spriggan Abyssal Knight on July 16, 2022.
             Was a Priest of Lugonu.
             Slain by an orc
             ... wielding a +0 short sword
              (5 damage)
             ... on level 3 of the Dungeon.
             The game lasted 00:07:10 (4250 turns).

reriks the Ducker (Spriggan Abyssal Knight)         Turns: 4250, Time: 00:07:11

Health: -1/23      AC:  2    Str:  9    XL:     4   Next: 57%
Magic:  6/6        EV: 18    Int: 17    God:    Lugonu [***...]
Gold:   125        SH:  0    Dex: 17    Spells: 3/3 levels left

rFire   . . .      SeeInvis +   k - +1 short sword (speed)
rCold   . . .      Faith    .   (no shield)
rNeg    . . .      Spirit   .   b - +0 robe
rPois   .          Reflect  .   (helmet restricted)
rElec   .          Harm     .   (no cloak)
rCorr   .          Rampage  .   (gloves unavailable)
Will    .....                   (boots unavailable)
Stlth   +++.......              (no amulet)
HPRegen 0.07/turn               j - +6 ring of intelligence
MPRegen 0.10/turn               (no ring)

@: very quick
A: very small, no large weapons, unfitting armour, see invisible, speed 3
a: Renounce Religion, Depart the Abyss, Bend Space, Banish


You were on level 3 of the Dungeon.
You worshipped Lugonu.
Lugonu was most pleased with you.
You visited 1 branch of the dungeon, and saw 3 of its levels.
You visited the Abyss 1 time.

You collected 125 gold pieces.

Inventory:

Hand Weapons
 a - a +1 short sword
 k - a +1 short sword of speed (weapon)
Missiles
 i - 7 poisoned darts (quivered)
Armour
 b - a +0 robe (worn)
Jewellery
 j - a +6 ring of intelligence (left hand)
 p - an amulet of faith
 r - a +4 ring of evasion
Scrolls
 d - a scroll of amnesia
 m - a scroll of immolation {unknown}
 q - 3 scrolls of identify {unknown}
Potions
 e - 2 potions of berserk rage {unknown}
 f - a potion of lignification {unknown}
 h - a potion of heal wounds {unknown}
 l - a potion of degeneration {unknown}
 o - 3 potions of flight {unknown}


   Skills:
 + Level 2.8 Fighting
 + Level 2.9 Short Blades
 + Level 4.0 Dodging
 * Level 3.8 Stealth
 + Level 2.5 Invocations


You had 3 spell levels left.
You didn't know any spells.
Your spell library was empty.

Dungeon Overview and Level Annotations

Branches:
Dungeon (3/15)

Altars:

Shops:
D:1 (   D:2 =   D:3 [[*

Annotations:
D:2 Grinder


Innate Abilities, Weirdness & Mutations

You are very small and have problems with some larger weapons.
You are too small for most types of armour.
You have supernaturally acute eyesight. (SInv)
You cover ground extremely quickly. (Speed+++)


Message History

You miss the adder.
The adder is severely wounded.
The adder bites you.
You miss the adder.
The adder is severely wounded.
The orc misses you. The orc barely misses you. The adder bites you.
You miss the adder.
The adder is severely wounded.
The orc completely misses you. The orc misses you. x2
You hit the adder but do no damage.
The adder is severely wounded.
The adder closely misses you.
You hit the adder.
You kill the adder!
Lugonu accepts your kill. The orc completely misses you.
The orc barely misses you. The orc hits you with a +0 short sword.
Your Dodging skill increases to level 4!
You barely miss the orc. The orc closely misses you. x2
The orc hits you with a +0 whip.
You are too injured to fight recklessly!
You are too injured to fight recklessly!
You are too injured to fight recklessly!
You are too injured to fight recklessly!
There is an escape hatch in the ceiling here.
You are too injured to fight recklessly!
You are too injured to fight recklessly!
You hit the orc but do no damage. The orc completely misses you.
You hit the orc but do no damage. The orc closely misses you.
The orc barely misses you. x2
You hit the orc but do no damage. You closely miss the orc.
The orc hits you with a +0 short sword.
* * * LOW HITPOINT WARNING * * *
The orc misses you. The orc hits you with a +0 whip.
* * * LOW HITPOINT WARNING * * *
You barely miss the orc. You hit the orc.
The orc is lightly wounded.
The orc closely misses you. The orc hits you with a +0 short sword.
You die...

.... . ... ...
###..#### ....
........##
....####.........
.................
.........8.......
#....†ooo.......
#..#..8@∩.8.....
##†.........#
#...8#..#..#
###..(.....###
##..........#.
####.............#
#................#.#
##..................#
#...................#
#


You could see 3 orcs.

Vanquished Creatures
  5 adders
  2 dart slugs
  8 ball pythons
  8 endoplasms
  3 giant cockroaches
  8 goblins
  3 hobgoblins
  6 kobolds
  A quokka (D:2)
  6 bats
  3 frilled lizards
  3 rats
56 creatures vanquished.

Notes
Turn   | Place    | Note
-------+----------+-------------------------------------------
     0 | Abyss:1  | reriks the Spriggan Abyssal Knight began the quest for the
                  | Orb.
     0 | Abyss:1  | Reached XP level 1. HP: 11/11 MP: 3/3
     2 | Abyss:1  | Found a corrupted altar of Lugonu.
    25 | Abyss:2  | Noticed a ynoxinul
    66 | Abyss:2  | Noticed a quasit
    96 | D:1      | Escaped the Abyss
   175 | D:2      | Reached skill level 1 in Stealth
   175 | D:2      | Reached XP level 2. HP: 12/16 MP: 4/4
   506 | D:1      | Reached ** piety under Lugonu
   520 | D:1      | Found Looc's Weapon Shop.
   864 | D:1      | Found a faded altar of an unknown god.
  1120 | D:1      | Reached XP level 3. HP: 19/19 MP: 5/5
  2177 | D:2      | Reached XP level 4. HP: 13/23 MP: 6/6
  2670 | D:2      | Found Ywypt's Jewellery Boutique.
  3349 | D:3      | Found Qaezausu's General Store.
  3359 | D:3      | Noticed Grinder
  3382 | D:3      | Reached *** piety under Lugonu
  3478 | D:3      | Paralysed by Grinder for 5 turns
  3510 | D:3      | Paralysed by Grinder for 3 turns
  3847 | D:3      | Paralysed by Grinder for 4 turns
  4127 | D:3      | Found Veciheen's Antique Armour Boutique.
  4211 | D:3      | Found Dununif's Armour Shoppe.
  4243 | D:3      | Reached skill level 4 in Dodging
  4250 | D:3      | Slain by an orc

Illustrated notes

Levels and vault maps discovered:
D:1:      nzn_arrival_settlement, layout_rooms, serial_shops,
          nicolae_shop_bloodbath_and_beyond, chequers_ecumenical_altar_simple,
          roderic_lattice_a
D:2:      layout_basic, serial_shops,
          nicolae_shop_temple_entry_statues_fountains
D:3:      minmay_chambers_of_twos, layout_rooms, cheibrodos_worm_habitat,
          serial_shops, shop, nicolae_shop_trees, nicolae_shop_crystal,
          nicolae_shop_statue_plus, nicolae_shop_statue_plus, uniq_grinder

Skill      XL: |  1  2  3  4 |
---------------+-------------+-----
Stealth        | 1 2 3 |  3.8
Invocations    | 2 |  2.5
Dodging        | 4 |  4.0
Fighting       | |  2.8
Short Blades   | |  2.9

Action                   |  1- 3 |  4- 6 || total
-------------------------+-------+-------++-------
Melee: Short sword       |   128 |    80 ||   208
       Punch             |     1 |     1 ||     2
Throw: Dart              |       |    11 ||    11
Invok: Depart the Abyss  |     1 |       ||     1
Evoke: Wand              |       |     3 ||     3
  Use: Scroll            |       |     3 ||     3
 Stab: Sleeping          |     8 |     2 ||    10
Armor: Robe              |    13 |     7 ||    20
Dodge: Dodged            |    87 |    61 ||   148

Table legend: (Time is in decaauts)
 A = Elapsed time spent in this place.
 B = Non-inter-level travel time spent in this place.
 C = Inter-level travel time spent in this place.
 D = Time resting spent in this place.
 E = Time spent auto-exploring this place.
 F = Levels seen in this place.
 G = Mean time per level.
                   A        B        C        D        E       F      G
               +--------+--------+--------+--------+--------+-----+--------+
         Total |   3534 |   3422 |    112 |   2140 |    690 |   5 |  706.8 |
       Dungeon |   3476 |   3364 |    112 |   2140 |    690 |   3 | 1158.7 |
         Abyss |     58 |     58 |      0 |      0 |      0 |   2 |   29.0 |
               +--------+--------+--------+--------+--------+-----+--------+

Top non-repeatable levels by time:
     D:2: 1884 daAuts
     D:1: 1326 daAuts
     D:3: 264 daAuts
 Abyss:2: 52 daAuts
 Abyss:1: 5 daAuts
